 Dungeon Crawl Stone Soup version 0.27-a0-334-g52645efa06 (webtiles) character file.

Game seed: 11598677549357366303

114 sahdkjhfkaj the Insei (level 4, -1/34 HPs)
             Began as a Merfolk Warper on Feb 13, 2021.
             Slain by a centaur (5 damage)
             ... on level 2 of the Dungeon.
             The game lasted 00:04:31 (2790 turns).

sahdkjhfkaj the Insei (Merfolk Warper)              Turns: 2790, Time: 00:04:32

Health: -1/34      AC: 11    Str: 12    XL:     4   Next: 97%
Magic:  7/7        EV:  6    Int: 12    God:
Gold:   106        SH:  0    Dex: 13    Spells: 7/7 levels left

rFire    . . .     SeeInvis .   a - +0 spear
rCold    . . .     Faith    .   (no shield)
rNeg     . . .     Spirit   .   d - +0 chain mail
rPois    .         Reflect  .   f - +1 hat
rElec    .         Harm     .   (no cloak)
rCorr    .         Rampage  .   o - +0 pair of gloves
Will     .....                  j - +0 pair of boots {Stlth+}
Stlth    ..........             (no amulet)
HPRegen  0.11/turn              (no ring)
MPRegen  0.10/turn              (no ring)

@: no status effects
A: change form in water, swift swim, stealthy swim
a: no special abilities


You were on level 2 of the Dungeon.
You visited 1 branch of the dungeon, and saw 3 of its levels.

You collected 106 gold pieces.

Inventory:

Hand Weapons
 a - a +0 spear (weapon)
Missiles
 K - 5 boomerangs of dispersal (quivered)
Armour
 d - a +0 chain mail (worn)
 f - a +1 hat (worn)
 j - a +0 pair of boots of stealth (worn)
 o - a +0 pair of gloves (worn)
Scrolls
 c - a scroll of fear {unknown}
 g - a scroll of enchant armour {unknown}
 l - 3 scrolls of identify {unknown}
 q - a scroll of amnesia {unknown}
 B - a scroll of blinking {!r}
 T - 3 scrolls of teleportation {!r}
Potions
 h - a potion of heal wounds {unknown}
 k - a potion of attraction {unknown}
 m - a potion of magic {unknown}
 n - a potion of haste {unknown}
 p - a potion of flight {unknown}
 Q - a potion of curing


   Skills:
 + Level 2.6 Fighting
 - Level 7.0 Polearms
 - Level 1.0 Throwing
 - Level 0.6 Armour
 - Level 2.6 Dodging
 - Level 2.0 Spellcasting
 - Level 2.4 Translocations


You had 7 spell levels left.
You didn't know any spells.
Your spell library contained the following spells:

 Spells                   Type           Power        Failure   Level
 Blink                    Tloc           N/A          100%        2
 Gell's Gravitas          Tloc           3%           100%        3
 Lesser Beckoning         Tloc           3%           100%        3
 Teleport Other           Tloc           6%           100%        3
 Passage of Golubria      Tloc           N/A          100%        4


Dungeon Overview and Level Annotations

Branches:
Dungeon (3/15)

Altars:


Message History

The rat bites you but does no damage. The centaur hits you.
You hit the centaur but do no damage.
The centaur is moderately wounded.
The centaur hits you but does no damage.
The rat bites you but does no damage.
You hit the centaur.
The centaur is heavily wounded.
The centaur barely misses you. The rat bites you but does no damage.
You hit the centaur.
The centaur is heavily wounded.
The centaur closely misses you. The rat barely misses you.
The centaur hits you but does no damage.
You hit the centaur but do no damage.
The centaur is heavily wounded.
The centaur hits you.
Your chain mail prevents you from hitting the centaur.
The centaur is heavily wounded.
The rat barely misses you.
The centaur hits you but does no damage.
You barely miss the centaur.
The centaur is heavily wounded.
The centaur hits you but does no damage.
The rat barely misses you.
You hit the centaur.
The centaur is severely wounded.
The centaur hits you but does no damage.
The rat bites you but does no damage.
You hit the centaur but do no damage.
The centaur is severely wounded.
The centaur barely misses you.
You hit the centaur.
The centaur is severely wounded.
The centaur hits you!
* * * LOW HITPOINT WARNING * * *
The rat closely misses you.
You are too injured to fight recklessly!
You are too injured to fight recklessly!
You are too injured to fight recklessly!
You are too injured to fight recklessly!
You are too injured to fight recklessly!
You are too injured to fight recklessly!
You are too injured to fight recklessly!
You are too injured to fight recklessly!
You are too injured to fight recklessly!
You are too injured to fight recklessly!
You are too injured to fight recklessly!
You closely miss the centaur.
The centaur is severely wounded.
The centaur hits you.
You die...

#####+####.#...#
...........#...##############
...........#................#
...........##..############.#
...........###..# #(#
...........# #..# #.#
.#########.####.## #.#
.#########.......# #.#
.........#####.r@# #.#
########.# #.#c# #.# #.#
#.#.##########.# #.#
#.#.##.........# #.#
#.#.##.######### #.# #.#.##.#
#.# #.#.##.# #.#####.#.##.#
#.........##.#


You could see a centaur and a rat.

Vanquished Creatures
  An iguana (D:2)
  5 adders (D:2)
  A worm (D:2)
  2 dart slugs (D:1)
  6 bats
  3 giant cockroaches
  4 goblins
  3 hobgoblins
  3 quokkas (D:2)
  2 frilled lizards (D:2)
  7 kobolds
  3 rats
40 creatures vanquished.

Notes
Turn   | Place    | Note
-------+----------+-------------------------------------------
     0 | D:1      | sahdkjhfkaj the Merfolk Warper began the quest for the Orb.
     0 | D:1      | Reached XP level 1. HP: 16/16 MP: 3/3
   364 | D:1      | Reached skill level 4 in Polearms
   364 | D:1      | Reached XP level 2. HP: 20/22 MP: 5/5
   938 | D:2      | Reached skill level 5 in Polearms
   938 | D:2      | Reached XP level 3. HP: 16/27 MP: 6/6
  1417 | D:2      | HP: 1/27 [adder (5)]
  1429 | D:2      | Reached skill level 6 in Polearms
  1429 | D:2      | Reached XP level 4. HP: 9/33 MP: 7/7
  1450 | D:2      | HP: 1/33 [poisoned by an adder]
  2135 | D:2      | Reached skill level 7 in Polearms
  2769 | D:3      | Noticed a centaur
  2790 | D:2      | Slain by a centaur

Illustrated notes

Levels and vault maps discovered:
D:1:      dpeg_arrival_three_smaller_balls, layout_loops_ring
D:2:      layout_basic, minmay_tromino_v4_b
D:3:      layout_loops_ring, overflow_temple_1_default

Skill      XL: |  1  2  3  4 |
---------------+-------------+-----
Polearms       | 4 5 6 7 |  7.0
Fighting       | |  2.6
Throwing       | |  1.0
Armour         | |  0.6
Dodging        | |  2.6
Spellcasting   | |  2.0
Translocations | |  2.4

Action                   |  1- 3 |  4- 6 || total
-------------------------+-------+-------++-------
Melee: Spear             |   133 |   127 ||   260
  Use: Potion            |     1 |       ||     1
       Scroll            |       |     1 ||     1
 Stab: Sleeping          |     4 |     3 ||     7
Armor: Leather armour    |    24 |    16 ||    40
       Chain mail        |       |    25 ||    25
Dodge: Dodged            |    94 |    58 ||   152

Table legend: (Time is in decaauts)
 A = Elapsed time spent in this place.
 B = Non-inter-level travel time spent in this place.
 C = Inter-level travel time spent in this place.
 D = Time resting spent in this place.
 E = Time spent auto-exploring this place.
 F = Levels seen in this place.
 G = Mean time per level.
                   A        B        C        D        E       F      G
               +--------+--------+--------+--------+--------+-----+--------+
         Total |   2741 |   2628 |    113 |      0 |   2173 |   3 |  913.7 |
       Dungeon |   2741 |   2628 |    113 |      0 |   2173 |   3 |  913.7 |
               +--------+--------+--------+--------+--------+-----+--------+

Top non-repeatable levels by time:
     D:2: 1829 daAuts
     D:1: 908 daAuts
     D:3: 3 daAuts
